Map: Ever Dream LE

Players

Dnysc - Winner!

  • Race: Protoss Protoss
  • League: Gold
  • Spawn Location: 7:00

KingArthur

  • Race: Zerg Zerg
  • League: Gold
  • Spawn Location: 1:00

VOD

Have the link to the VOD?

Description

Time

  • Played on: Sept. 15, 2020, 5:44 p.m.
  • Length: 6:39
Show
View Real Time Build Order
Export as new Build Order

Dnysc Protoss - Winner!

Build Orders:  

Get SALT Encoding   

  12  0:01  Probe  
  13  0:13  Probe  
  14  0:20  Pylon  
  14  0:25  Probe  
  15  0:38  Probe  
  16  0:43  Gateway  
  16  0:50  Probe  
  18  1:04  Pylon  
  18  1:10  Assimilator  
  17  1:12  Probe (Chrono Boost)  
  17  1:14  Assimilator  
  18  1:22  Probe (Chrono Boost)  
  19  1:27  Probe (Chrono Boost)  
  20  1:33  Cybernetics Core  
  20  1:38  Probe  
  21  1:46  Gateway  
  21  1:50  Probe  
  22  1:57  Pylon  
  22  2:02  Probe  
  22  2:03  Warp Gate (Chrono Boost)  
  23  2:21  Stalker  
  25  2:30  Gateway  
  25  2:44  Nexus  
  25  2:49  Sentry  
  27  2:55  Probe  
  28  3:14  Shield Battery  
  28  3:16  Shield Battery  
  28  3:39  Robotics Facility  
  28  3:40  Stalker x3  
  32  4:07  Zealot x3  
  38  4:20  Probe x2  
  40  4:30  Observer  
  41  4:32  Probe  
  38  4:43  Stalker x3  
  38  4:45  Probe x2  
  46  4:51  Observer  
  47  5:06  Probe x2 (Chrono Boost)  
  49  5:08  Assimilator  
  49  5:10  Assimilator  
  49  5:11  Pylon  
  49  5:12  Pylon  
  49  5:18  Probe x2 (Chrono Boost)  
  51  5:25  Probe x2 (Chrono Boost)  
  53  5:31  Stalker x3  
  59  5:55  Zealot x3  
  53  6:34  Stalker x2  
  53  6:35  Stalker  
Show
View Real Time Build Order
Export as new Build Order

KingArthur Zerg 

Build Orders: Hatch First 

Get SALT Encoding   

  12  0:02  Drone  
  13  0:13  Overlord  
  13  0:16  Drone  
  14  0:32  Drone x2  
  16  0:50  Hatchery  
  16  0:54  Drone  
  16  0:57  Drone  
  16  0:59  Drone  
  18  1:05  Extractor  
  17  1:19  Spawning Pool  
  17  1:21  Drone  
  17  1:25  Drone  
  18  1:29  Drone  
  19  2:05  Metabolic Boost  
  19  2:06  Queen  
  19  2:07  Queen  
  19  2:08  Zergling x4  
  24  2:09  Zergling x2  
  24  2:14  Overlord  
  26  2:25  Baneling Nest  
  26  2:26  Zergling x2  
  26  2:27  Zergling x2  
  27  2:36  Zergling x4  
  29  2:39  Zergling x2  
  30  2:49  Overlord  
  30  2:54  Zergling x4  
  32  3:03  Zergling x4  
  34  3:08  Zergling x2  
  35  3:16  Zergling x4  
  37  3:21  Baneling x6  
  37  3:25  Zergling x2  
  38  3:30  Zergling x4  
  32  3:55  Zergling x2  
  32  3:56  Zergling x10  
  33  4:10  Zergling x10  
  33  4:20  Zergling x6  
  33  4:23  Zergling x2  
  34  4:39  Zergling x4  
  33  4:46  Zergling x4  
  33  4:51  Zergling x2  
  33  5:04  Zergling x8  
  36  5:07  Overlord  
  36  5:26  Zergling x14  
  43  5:40  Zergling x2  
Tags
 
League
GoldGold
Matchup
PvZ
Spawn Locations
Cross Positions
Add a new tag
Caveats
  • Supply blocks, unpowered buildings, or Contaminate may cause inaccurate times.
  • Supply counts are checked every 10 seconds.